AoeStats
← Fattazz Ninja

Arena

506965799Analyzed
3v3 RM · 17d ago on Sep 16, 2026· 62m 22s· 6 players
Game mode
Random Map
Map size
Normal (6 player)
Population
200
Speed
Normal
Resources
Standard
Victory
Conquest
Starting age
Dark Age
Ending age
Imperial Age
RankedLock teamsTeams togetherTeam positionsShared explorationLock speedFull tech treeHidden civsTurbo modeCheats
Victory
Defeat
🇨🇴 Cumans · Colombia
691
+17
🇺🇸 Teutons · United States
646
+19
🇨🇦 Bohemians · Canada
530
+23
🇺🇸 Franks · United States
780
-23
🇺🇸 Mongols · United States
673
-18
🇺🇸 Ethiopians · United States
655
-18
ColeEcoBOOM
4:35 Loom
13:44 Feudal Age
15:12 Horse Collar
16:59 Double-Bit Axe
17:06 Stone Mining
17:24 Gold Mining
20:58 Wheelbarrow
20:08 Town Watch
24:14 Castle Age
22:39 Fletching
27:14 Heavy Plow
27:26 Bow Saw
28:01 Stone Shaft Mining
30:51 Hand Cart
30:38 Town Patrol
34:43 Imperial Age
33:21 Ironclad
35:09 Forging
35:05 Scale Mail Armor
36:33 Crop Rotation
37:09 Two-Man Saw
37:09 Iron Casting
37:13 Chain Mail Armor
37:23 Bodkin Arrow
39:47 Plate Mail Armor
39:38 Squires
39:23 Arson
40:28 Elite Teutonic Knight
43:37 Hoardings
44:27 Ballistics
43:58 Guard Tower
43:59 Arrowslits
47:18 Caravan
47:42 Guilds
51:47 Crenellations
51:48 Ironclad
51:49 Conscription
51:00 Sappers
51:20 Gambesons
50:55 Man-at-Arms
50:55 Pikeman
55:11 Blast Furnace
54:29 Scale Barding Armor
54:25 Padded Archer Armor
55:23 Siege Engineers
58:24 Keep
58:00 Fortified Wall
58:00 Masonry
58:51 Chemistry
62:16 Spies/Treason
Hugh Jass
12:30 Feudal Age
19:53 Castle Age
18:25 Double-Bit Axe
19:21 Man-at-Arms
20:36 Pikeman
20:36 Long Swordsman
29:07 Fervor
32:30 Imperial Age
31:10 Redemption
32:08 Chemistry
31:57 Wheelbarrow
31:37 Forging
31:29 Murder Holes
33:47 Caravan
33:35 Halberdier
33:37 Two-Handed Swordsman
36:00 Hand Cart
37:32 Houfnice
46:26 Siege Engineers
54:02 Bow Saw
54:09 Cavalier
58:02 Elite Hussite Wagon
58:49 Wagenburg Tactics
59:07 Conscription
Hijuscus
12:42 Feudal Age
12:18 Loom
14:25 Double-Bit Axe
24:14 Castle Age
22:03 Town Watch
23:12 Forging
23:08 Scale Barding Armor
23:18 Horse Collar
24:40 Wheelbarrow
24:46 Bloodlines
25:46 Stone Mining
26:08 Heavy Plow
26:19 Bow Saw
30:02 Iron Casting
29:47 Chain Barding Armor
30:37 Hand Cart
31:10 Town Patrol
31:37 Gold Mining
38:12 Ballistics
37:48 Murder Holes
40:34 Imperial Age
37:33 Capped Ram
38:30 Steppe Husbandry
39:54 Masonry
44:47 Blast Furnace
43:12 Elite Steppe Lancer
45:02 Two-Man Saw
47:20 Chemistry
47:34 Conscription
46:36 Elite Kipchak
57:34 Plate Barding Armor
60:17 Crop Rotation
62:43 Cuman Mercenaries
YoSoyMeistro
0:27 Loom
12:35 Feudal Age
13:15 Double-Bit Axe
13:29 Gold Mining
13:32 Stone Mining
16:01 Wheelbarrow
19:54 Castle Age
19:48 Forging
19:44 Scale Barding Armor
21:15 Bow Saw
23:33 Gold Shaft Mining
24:19 Gold Shaft Mining
24:27 Fortified Wall
26:16 Masonry
28:05 Hand Cart
32:20 Imperial Age
31:21 Husbandry
32:12 Iron Casting
32:22 Cavalier
33:33 Town Watch
34:38 Chain Barding Armor
35:25 Capped Ram
37:25 Blast Furnace
37:16 Caravan
39:17 Plate Barding Armor
40:18 Paladin
43:00 Conscription
42:52 Chivalry
54:13 Elite Throwing Axeman
Fattazz Ninja
0:45 Loom
14:08 Feudal Age
19:21 Castle Age
17:58 Wheelbarrow
17:08 Horse Collar
17:25 Gold Mining
17:29 Stone Mining
17:32 Double-Bit Axe
20:30 Bow Saw
20:34 Heavy Plow
22:47 Gold Shaft Mining
23:20 Bloodlines
25:32 Husbandry
25:52 Hand Cart
26:19 Thumb Ring
27:45 Stone Shaft Mining
31:15 Scale Barding Armor
31:12 Padded Archer Armor
31:03 Fletching
33:38 Chain Barding Armor
33:35 Leather Archer Armor
33:16 Bodkin Arrow
33:22 Scale Mail Armor
33:32 Forging
34:30 Squires
33:53 Pikeman
43:01 Imperial Age
41:10 Iron Casting
42:08 Ballistics
44:44 Parthian Tactics
44:50 Drill
44:54 Conscription
45:41 Caravan
46:12 Coinage
48:29 Onager
50:01 Light Cavalry
52:01 Elite Mangudai
55:23 Masonry
55:24 Fortified Wall
56:17 Chemistry
58:08 Blast Furnace
57:23 Chain Mail Armor
57:09 Bracer
57:29 Siege Onager
MrTurner69
0:28 Loom
11:50 Feudal Age
12:25 Town Watch
13:17 Wheelbarrow
13:41 Double-Bit Axe
15:12 Horse Collar
21:03 Castle Age
22:11 Hand Cart
22:03 Town Patrol
22:27 Heavy Plow
21:50 Crossbowman
22:36 Husbandry
22:37 Gold Mining
24:22 Bow Saw
25:31 Squires
27:22 Thumb Ring
27:14 Fletching
27:25 Padded Archer Armor
27:27 Scale Mail Armor
27:33 Scale Barding Armor
27:39 Forging
29:25 Bodkin Arrow
29:37 Caravan
31:03 Leather Archer Armor
30:47 Stone Mining
31:34 Gold Shaft Mining
35:57 Imperial Age
36:00 Arbalester
36:17 Capped Ram
37:51 Bracer
38:54 Chain Mail Armor
45:15 Elite Shotel Warrior
48:05 Heavy Camel Rider
48:33 Siege Ram
48:41 Elite Skirmisher
54:11 Conscription
58:34 Light Cavalry
Connection lost

Rejoining the realm…

Still unreachable

The connection could not be restored.

Session expired

The server has moved on; the page needs a fresh start.